2133 views
Uploaded 2022-06-18 18:00:47
Game version 1.32.10
53:19 long 2on2 ladder game on (4)HillsbradCreek
Saved by GIGA
2133 views
Uploaded 2022-06-18 18:00:47
Game version 1.32.10
53:19 long 2on2 ladder game on (4)HillsbradCreek


102 units @ 10k
/ 1.6k
95 buildings @ 6.7k
/ 2.9k


| Scroll of Regeneration | 2 | 200 |
| Lesser Clarity Potion | 2 | 140 |
| total: | 4 | 340g |
| Peasant | 24 | 1800 | / | 0 |
| Footman | 1 | 135 | / | 0 |
| Mortar Team | 6 | 1080 | / | 420 |
| Flying Machine | 32 | 3200 | / | 960 |
| total: | 63 | 6215g | / | 1380w |
| Scout Tower | 15 | 450 | / | 300 |
| Arcane Tower | 2 | 140 | / | 100 |
| Guard Tower | 9 | 630 | / | 450 |
| Altar of Kings | 2 | 360 | / | 100 |
| Farm | 16 | 1280 | / | 320 |
| Barracks | 1 | 160 | / | 60 |
| Town Hall | 1 | 385 | / | 205 |
| Lumber Mill | 1 | 120 | / | 0 |
| Blacksmith | 1 | 140 | / | 60 |
| Workshop | 2 | 280 | / | 280 |
| Keep | 1 | 320 | / | 210 |
| Castle | 1 | 360 | / | 210 |
| total: | 39 | 3175g | / | 1325w |
| 0:02 | Peasant |
| 0:08 | Peasant |
| 0:18 | Altar of Kings |
| 0:34 | Farm |
| 0:35 | Peasant |
| 0:35 | Peasant |
| 0:43 | Peasant |
| 0:51 | Peasant |
| 1:06 | Peasant |
| 1:07 | Barracks |
| 1:09 | Peasant |
| 1:20 | Farm |
| 1:24 | Peasant |
| 1:44 | Peasant |
| 1:51 | Scout Tower |
| 2:22 | Arcane Tower |
| 2:22 | Peasant |
| 2:28 | Storm Bolt |
| 2:30 | Footman |
| 2:32 | Peasant |
| 2:49 | Scout Tower |
| 2:51 | Farm |
| 2:54 | Peasant |
| 3:23 | Peasant |
| 3:31 | Town Hall |
| 3:46 | Peasant |
| 3:50 | Lumber Mill |
| 4:06 | Peasant |
| 4:10 | Bash |
| 4:52 | Keep |
| 4:58 | Guard Tower |
| 5:03 | Scout Tower |
| 5:03 | Scout Tower |
| 5:04 | Scout Tower |
| 5:49 | Guard Tower |
| 5:52 | Peasant |
| 6:08 | Blacksmith |
| 6:11 | Scout Tower |
| 6:46 | Guard Tower |
| 7:17 | Scout Tower |
| 7:18 | Scout Tower |
| 7:21 | Castle |
| 7:24 | Arcane Tower |
| 7:25 | Workshop |
| 7:36 | Workshop |
| 7:48 | Black Gunpowder |
| 7:52 | Guard Tower |
| 8:10 | Improved Lumber Harvesting |
| 8:17 | Guard Tower |
| 8:47 | Flak Cannons |
| 8:47 | Flare |
| 8:50 | Refined Gunpowder |
| 10:15 | Fragmentation Shards |
| 10:15 | Flying Machine Bombs |
| 10:15 | Mortar Team |
| 10:21 | Farm |
| 10:22 | Farm |
| 10:22 | Farm |
| 10:23 | Farm |
| 10:34 | Improved Masonry |
| 10:34 | Advanced Lumber Harvesting |
| 10:37 | Peasant |
| 10:37 | Peasant |
| 10:37 | Peasant |
| 10:37 | Peasant |
| 10:50 | Farm |
| 10:51 | Farm |
| 10:52 | Farm |
| 10:52 | Farm |
| 10:54 | Farm |
| 10:59 | Farm |
| 11:00 | Farm |
| 11:02 | Farm |
| 11:02 | Farm |
| 11:40 | Imbued Gunpowder |
| 12:18 | Peasant |
| 12:18 | Peasant |
| 12:18 | Peasant |
| 12:36 | Flying Machine |
| 12:36 | Flying Machine |
| 12:36 | Flying Machine |
| 12:37 | Flying Machine |
| 12:51 | Flying Machine |
| 12:51 | Flying Machine |
| 12:51 | Flying Machine |
| 13:00 | Advanced Masonry |
| 13:24 | Flying Machine |
| 13:24 | Flying Machine |
| 13:40 | Iron Plating |
| 13:44 | Flying Machine |
| 13:45 | Flying Machine |
| 13:45 | Flying Machine |
| 14:17 | Flying Machine |
| 14:47 | Flying Machine |
| 14:47 | Flying Machine |
| 14:47 | Flying Machine |
| 14:47 | Flying Machine |
| 14:53 | Steel Plating |
| 16:00 | Flying Machine |
| 16:15 | Altar of Kings |
| 17:44 | Mortar Team |
| 18:39 | Holy Light |
| 19:13 | Scout Tower |
| 19:14 | Scout Tower |
| 19:38 | Scout Tower |
| 19:40 | Scout Tower |
| 19:41 | Scout Tower |
| 19:42 | Scout Tower |
| 19:42 | Scout Tower |
| 19:52 | Storm Bolt |
| 20:17 | Guard Tower |
| 20:46 | Guard Tower |
| 20:50 | Mortar Team |
| 20:51 | Mortar Team |
| 21:15 | Guard Tower |
| 21:20 | Mithril Plating |
| 21:46 | Flying Machine |
| 21:46 | Flying Machine |
| 21:46 | Flying Machine |
| 21:46 | Flying Machine |
| 22:36 | Flying Machine |
| 22:37 | Flying Machine |
| 23:03 | Guard Tower |
| 25:58 | Mortar Team |
| 25:59 | Mortar Team |
| 26:06 | Scroll of Regeneration |
| 26:09 | Lesser Clarity Potion |
| 26:13 | Lesser Clarity Potion |
| 26:16 | Divine Shield |
| 28:15 | Bash |
| 28:16 | Divine Shield |
| 32:03 | Bash |
| 33:03 | Scroll of Regeneration |
| 34:00 | Flying Machine |
| 34:00 | Flying Machine |
| 34:00 | Flying Machine |
| 34:01 | Flying Machine |
| 34:01 | Flying Machine |
| 34:01 | Flying Machine |
| 34:01 | Flying Machine |
| 34:01 | Flying Machine |
| 40:07 | Storm Bolt |
| 40:09 | Holy Light |
| 41:39 | Divine Shield |
| 41:40 | Storm Bolt |
| Right click | 2671 |
| Select group | 1244 |
| Select | 681 |
| Build/train/purchase | 142 |
| Use ability | 122 |
| Misc. action | 99 |
| Minimap ping | 30 |
| Assign group | 26 |
| Resource trade | 13 |
| Item give/drop | 3 |
GIGA
(207)
(52:22) : 

| Boots of Speed | 1 | 250 |
| total: | 1 | 250g |
| Peasant | 31 | 2325 | / | 0 |
| Footman | 2 | 270 | / | 0 |
| Dragonhawk Rider | 6 | 1200 | / | 180 |
| total: | 39 | 3795g | / | 180w |
| Scout Tower | 38 | 1140 | / | 760 |
| Guard Tower | 14 | 980 | / | 700 |
| Arcane Tower | 5 | 350 | / | 250 |
| Altar of Kings | 3 | 540 | / | 150 |
| Farm | 8 | 640 | / | 160 |
| Lumber Mill | 2 | 240 | / | 0 |
| Barracks | 1 | 160 | / | 60 |
| Arcane Vault | 2 | 260 | / | 60 |
| Town Hall | 1 | 385 | / | 205 |
| Gryphon Aviary | 1 | 140 | / | 150 |
| Keep | 1 | 320 | / | 210 |
| Castle | 1 | 360 | / | 210 |
| total: | 56 | 3505g | / | 1545w |
| 0:03 | Peasant |
| 0:03 | Peasant |
| 0:06 | Altar of Kings |
| 0:08 | Altar of Kings |
| 0:11 | Farm |
| 0:18 | Peasant |
| 0:26 | Lumber Mill |
| 0:30 | Peasant |
| 0:50 | Farm |
| 0:53 | Peasant |
| 0:59 | Peasant |
| 1:14 | Barracks |
| 1:27 | Peasant |
| 1:36 | Farm |
| 1:41 | Peasant |
| 1:46 | Peasant |
| 1:54 | Improved Lumber Harvesting |
| 2:09 | Storm Bolt |
| 2:13 | Peasant |
| 2:17 | Footman |
| 2:55 | Scout Tower |
| 2:56 | Peasant |
| 2:56 | Peasant |
| 2:58 | Footman |
| 3:03 | Scout Tower |
| 3:19 | Scout Tower |
| 3:20 | Scout Tower |
| 3:21 | Scout Tower |
| 3:24 | Scout Tower |
| 3:26 | Scout Tower |
| 3:49 | Guard Tower |
| 3:51 | Scout Tower |
| 3:53 | Guard Tower |
| 3:54 | Scout Tower |
| 3:55 | Scout Tower |
| 4:02 | Guard Tower |
| 4:04 | Peasant |
| 4:07 | Arcane Tower |
| 4:10 | Scout Tower |
| 4:12 | Peasant |
| 4:24 | Bash |
| 4:50 | Boots of Speed |
| 5:02 | Arcane Tower |
| 5:05 | Guard Tower |
| 5:07 | Scout Tower |
| 5:09 | Scout Tower |
| 5:11 | Scout Tower |
| 5:23 | Peasant |
| 5:23 | Peasant |
| 5:46 | Keep |
| 5:58 | Guard Tower |
| 6:01 | Scout Tower |
| 6:02 | Scout Tower |
| 6:05 | Scout Tower |
| 6:10 | Guard Tower |
| 6:40 | Arcane Tower |
| 6:43 | Guard Tower |
| 6:45 | Guard Tower |
| 7:18 | Improved Masonry |
| 7:22 | Scout Tower |
| 7:48 | Scout Tower |
| 7:50 | Guard Tower |
| 8:01 | Scout Tower |
| 8:09 | Lumber Mill |
| 8:35 | Farm |
| 8:47 | Guard Tower |
| 8:57 | Advanced Masonry |
| 9:12 | Castle |
| 9:20 | Guard Tower |
| 10:13 | Scout Tower |
| 10:16 | Scout Tower |
| 10:17 | Scout Tower |
| 10:21 | Scout Tower |
| 10:38 | Holy Light |
| 10:54 | Guard Tower |
| 11:00 | Scout Tower |
| 11:02 | Scout Tower |
| 11:04 | Scout Tower |
| 11:08 | Scout Tower |
| 11:09 | Scout Tower |
| 11:10 | Scout Tower |
| 11:19 | Gryphon Aviary |
| 11:24 | Arcane Vault |
| 11:54 | Arcane Tower |
| 11:56 | Guard Tower |
| 12:37 | Imbued Masonry |
| 12:39 | Cloud |
| 12:46 | Arcane Tower |
| 14:01 | Town Hall |
| 16:51 | Altar of Kings |
| 16:52 | Farm |
| 16:53 | Farm |
| 16:54 | Farm |
| 16:55 | Farm |
| 19:13 | Scout Tower |
| 19:13 | Scout Tower |
| 19:15 | Scout Tower |
| 19:16 | Scout Tower |
| 19:46 | Scout Tower |
| 19:46 | Scout Tower |
| 19:47 | Scout Tower |
| 20:06 | Scout Tower |
| 20:10 | Peasant |
| 20:10 | Peasant |
| 20:10 | Peasant |
| 20:11 | Peasant |
| 20:11 | Peasant |
| 21:03 | Arcane Vault |
| 21:29 | Storm Bolt |
| 22:11 | Dragonhawk Rider |
| 22:11 | Dragonhawk Rider |
| 23:00 | Guard Tower |
| 23:31 | Peasant |
| 23:31 | Peasant |
| 23:32 | Peasant |
| 23:32 | Peasant |
| 25:11 | Peasant |
| 25:11 | Peasant |
| 28:34 | Peasant |
| 28:34 | Peasant |
| 28:52 | Dragonhawk Rider |
| 28:53 | Dragonhawk Rider |
| 30:09 | Peasant |
| 30:09 | Peasant |
| 32:55 | Holy Light |
| 45:40 | Divine Shield |
| 48:37 | Dragonhawk Rider |
| 48:37 | Dragonhawk Rider |
| 52:13 | Holy Light |
| Right click | 3204 |
| Select group | 2952 |
| Select | 473 |
| Build/train/purchase | 91 |
| Minimap ping | 51 |
| Resource trade | 39 |
| Assign group | 31 |
| Use ability | 30 |
| Misc. action | 12 |
| Esc | 2 |
| Remove unit | 1 |
130 units @ 13.8k
/ 1.4k
113 buildings @ 18.6k
/ 8.6k



| Rod of Necromancy | 5 | 750 |
| Orb of Corruption | 1 | 375 |
| Potion of Lesser Invulnerability | 1 | 150 |
| Scroll of Protection | 1 | 150 |
| total: | 8 | 1425g |
| Acolyte | 12 | 900 | / | 0 |
| Ghoul | 5 | 600 | / | 0 |
| Crypt Fiend | 10 | 2150 | / | 400 |
| Obsidian Statue | 4 | 800 | / | 140 |
| Frost Wyrm | 1 | 385 | / | 120 |
| Meat Wagon | 2 | 460 | / | 100 |
| total: | 34 | 5295g | / | 760w |
| Nerubian Tower | 1 | 100 | / | 20 |
| Graveyard | 1 | 215 | / | 0 |
| Crypt | 2 | 400 | / | 100 |
| Altar of Darkness | 7 | 1260 | / | 350 |
| Ziggurat | 10 | 1500 | / | 500 |
| Tomb of Relics | 1 | 130 | / | 30 |
| Necropolis | 1 | 225 | / | 0 |
| Slaughterhouse | 2 | 280 | / | 270 |
| Boneyard | 1 | 175 | / | 200 |
| Halls of the Dead | 5 | 1600 | / | 1050 |
| Black Citadel | 1 | 325 | / | 230 |
| total: | 25 | 4185g | / | 1450w |
| 0:01 | Acolyte |
| 0:05 | Graveyard |
| 0:07 | Crypt |
| 0:08 | Crypt |
| 0:17 | Acolyte |
| 0:17 | Acolyte |
| 0:17 | Acolyte |
| 0:17 | Acolyte |
| 0:17 | Acolyte |
| 0:17 | Acolyte |
| 0:40 | Altar of Darkness |
| 0:41 | Altar of Darkness |
| 0:41 | Altar of Darkness |
| 0:42 | Altar of Darkness |
| 0:42 | Altar of Darkness |
| 0:43 | Altar of Darkness |
| 0:43 | Altar of Darkness |
| 0:56 | Ziggurat |
| 1:09 | Ghoul |
| 1:09 | Ghoul |
| 1:22 | Tomb of Relics |
| 1:47 | Crypt Fiend |
| 1:58 | Ziggurat |
| 2:20 | Crypt Fiend |
| 2:20 | Crypt Fiend |
| 2:20 | Crypt Fiend |
| 2:20 | Crypt Fiend |
| 2:44 | Rod of Necromancy |
| 2:44 | Rod of Necromancy |
| 2:44 | Rod of Necromancy |
| 2:44 | Rod of Necromancy |
| 2:55 | Death Coil |
| 3:06 | Halls of the Dead |
| 3:18 | Ghoul |
| 3:41 | Crypt Fiend |
| 3:50 | Unholy Aura |
| 4:12 | Crypt Fiend |
| 4:14 | Ziggurat |
| 4:25 | Creature Attack |
| 4:54 | Rod of Necromancy |
| 5:19 | Death Coil |
| 5:32 | Frost Arrows |
| 5:58 | Black Citadel |
| 6:25 | Slaughterhouse |
| 6:28 | Crypt Fiend |
| 6:42 | Ziggurat |
| 7:24 | Improved Creature Attack |
| 7:35 | Obsidian Statue |
| 7:36 | Obsidian Statue |
| 7:59 | Forked Lightning |
| 8:28 | Unholy Aura |
| 8:52 | Destroyer Form |
| 9:17 | Acolyte |
| 9:20 | Orb of Corruption |
| 9:21 | Frost Nova |
| 10:13 | Necropolis |
| 10:43 | Web |
| 10:46 | Ghoul |
| 10:48 | Ziggurat |
| 11:18 | Creature Carapace |
| 11:45 | Potion of Lesser Invulnerability |
| 11:49 | Acolyte |
| 11:49 | Acolyte |
| 11:52 | Scroll of Protection |
| 11:57 | Ziggurat |
| 11:58 | Acolyte |
| 11:58 | Acolyte |
| 12:28 | Forked Lightning |
| 12:46 | Slaughterhouse |
| 12:53 | Nerubian Tower |
| 12:55 | Obsidian Statue |
| 12:56 | Crypt Fiend |
| 13:15 | Boneyard |
| 13:47 | Advanced Creature Attack |
| 13:53 | Ghoul |
| 14:20 | Obsidian Statue |
| 14:36 | Frost Wyrm |
| 15:11 | Crypt Fiend |
| 15:11 | Burrow |
| 15:53 | Meat Wagon |
| 15:55 | Meat Wagon |
| 16:19 | Ziggurat |
| 16:21 | Improved Creature Carapace |
| 16:22 | Unholy Strength |
| 19:08 | Ziggurat |
| 19:08 | Ziggurat |
| 19:09 | Ziggurat |
| 19:12 | Death Coil |
| Right click | 1172 |
| Select group | 1038 |
| Select | 730 |
| Misc. action | 296 |
| Build/train/purchase | 115 |
| Assign group | 57 |
| Use ability | 35 |
| Item give/drop | 5 |
| Chat | 5 |
| Esc | 2 |
| Remove unit | 1 |
| Minimap ping | 1 |
BillyBudd
(2)
(52:14) : 


| Orb of Venom | 2 | 650 |
| Scroll of Healing | 4 | 1000 |
| Boots of Speed | 4 | 1000 |
| Staff of Teleportation | 1 | 150 |
| Potion of Lesser Invulnerability | 5 | 750 |
| total: | 16 | 3550g |
| Wisp | 66 | 3960 | / | 0 |
| Archer | 23 | 2990 | / | 230 |
| Druid of the Talon | 3 | 435 | / | 60 |
| Dryad | 1 | 145 | / | 60 |
| Druid of the Claw | 1 | 255 | / | 80 |
| Chimaera | 1 | 330 | / | 70 |
| Goblin Shredder | 1 | 375 | / | 100 |
| total: | 96 | 8490g | / | 600w |
| Ancient Protector | 40 | 5400 | / | 3200 |
| Altar of Elders | 1 | 180 | / | 50 |
| Moon Well | 10 | 1800 | / | 400 |
| Ancient of War | 1 | 150 | / | 60 |
| Hunter's Hall | 3 | 630 | / | 300 |
| Ancient of Wonders | 1 | 90 | / | 30 |
| Tree of Life | 7 | 2380 | / | 1295 |
| Ancient of Wind | 1 | 150 | / | 140 |
| Ancient of Lore | 1 | 155 | / | 145 |
| Chimaera Roost | 3 | 420 | / | 570 |
| Tree of Ages | 2 | 640 | / | 360 |
| Tree of Eternity | 2 | 660 | / | 400 |
| Spirit Tower | 4 | 580 | / | 160 |
| Ziggurat | 18 | 2700 | / | 900 |
| Necropolis | 1 | 225 | / | 0 |
| Altar of Darkness | 1 | 180 | / | 50 |
| total: | 88 | 14460g | / | 7140w |
| 0:02 | Wisp |
| 0:02 | Wisp |
| 0:03 | Wisp |
| 0:05 | Altar of Elders |
| 0:18 | Moon Well |
| 0:29 | Wisp |
| 0:37 | Ancient of War |
| 0:47 | Wisp |
| 1:02 | Wisp |
| 1:02 | Wisp |
| 1:25 | Moon Well |
| 1:29 | Wisp |
| 1:39 | Archer |
| 1:51 | Wisp |
| 2:35 | Tree of Ages |
| 2:39 | Archer |
| 2:45 | Mana Burn |
| 2:59 | Moon Well |
| 3:03 | Archer |
| 3:23 | Archer |
| 3:32 | Hunter's Hall |
| 3:42 | Evasion |
| 3:46 | Archer |
| 4:11 | Archer |
| 4:20 | Moon Well |
| 4:24 | Ancient of Wonders |
| 5:04 | Ancient of Wind |
| 5:08 | Wisp |
| 5:08 | Wisp |
| 5:09 | Wisp |
| 5:23 | Improved Bows |
| 5:36 | Mana Burn |
| 6:42 | Trueshot Aura |
| 6:55 | Ancient of Lore |
| 7:08 | Boots of Speed |
| 7:27 | Druid of the Talon |
| 7:27 | Druid of the Talon |
| 7:43 | Evasion |
| 7:52 | Tree of Life |
| 8:09 | Dryad |
| 8:11 | Tree of Eternity |
| 8:13 | Druid of the Talon |
| 8:39 | Searing Arrows |
| 9:22 | Abolish Magic |
| 9:22 | Druid of the Claw Adept Training |
| 9:24 | Druid of the Talon Adept Training |
| 9:31 | Moon Well |
| 9:32 | Moon Well |
| 10:36 | Tree of Life |
| 10:39 | Wisp |
| 10:39 | Wisp |
| 10:39 | Wisp |
| 10:39 | Wisp |
| 10:40 | Wisp |
| 10:44 | Strength of the Moon |
| 10:44 | Moon Armor |
| 10:45 | Wisp |
| 10:46 | Wisp |
| 10:46 | Wisp |
| 10:46 | Wisp |
| 11:22 | Druid of the Claw Master Training |
| 11:49 | Nature's Blessing |
| 11:54 | Scroll of Healing |
| 11:58 | Boots of Speed |
| 12:50 | Ancient Protector |
| 12:51 | Ancient Protector |
| 12:54 | Mark of the Claw |
| 12:56 | Wisp |
| 12:56 | Wisp |
| 12:57 | Wisp |
| 13:25 | Wisp |
| 13:25 | Wisp |
| 13:26 | Wisp |
| 13:26 | Wisp |
| 13:26 | Wisp |
| 13:29 | Moon Well |
| 13:30 | Moon Well |
| 13:32 | Druid of the Claw |
| 14:01 | Improved Strength of the Moon |
| 14:41 | Wisp |
| 14:41 | Wisp |
| 14:41 | Wisp |
| 14:42 | Wisp |
| 14:47 | Goblin Shredder |
| 15:34 | Trueshot Aura |
| 16:04 | Chimaera Roost |
| 16:05 | Chimaera Roost |
| 16:05 | Chimaera Roost |
| 17:14 | Reinforced Hides |
| 17:18 | Orb of Venom |
| 17:30 | Archer |
| 17:30 | Archer |
| 17:30 | Archer |
| 17:30 | Archer |
| 17:30 | Archer |
| 17:35 | Ancient Protector |
| 18:04 | Staff of Teleportation |
| 18:14 | Advanced Strength of the Moon |
| 18:46 | Wisp |
| 18:47 | Wisp |
| 18:47 | Wisp |
| 18:47 | Wisp |
| 18:47 | Wisp |
| 18:51 | Ancient Protector |
| 18:51 | Ancient Protector |
| 18:52 | Ancient Protector |
| 18:52 | Ancient Protector |
| 18:54 | Ancient Protector |
| 19:03 | Wisp |
| 19:03 | Wisp |
| 19:03 | Wisp |
| 19:03 | Wisp |
| 19:04 | Wisp |
| 19:07 | Ancient Protector |
| 19:08 | Ancient Protector |
| 19:08 | Ancient Protector |
| 19:09 | Ancient Protector |
| 19:10 | Ancient Protector |
| 19:24 | Archer |
| 19:24 | Archer |
| 19:24 | Archer |
| 19:25 | Archer |
| 19:25 | Archer |
| 19:25 | Archer |
| 19:25 | Archer |
| 19:32 | Mana Burn |
| 20:42 | Spirit Tower |
| 20:56 | Strength of the Wild |
| 21:33 | Ziggurat |
| 21:35 | Ziggurat |
| 21:42 | Corrosive Breath |
| 21:43 | Chimaera |
| 21:49 | Improved Moon Armor |
| 21:50 | Improved Reinforced Hides |
| 23:08 | Improved Strength of the Wild |
| 23:09 | Ultravision |
| 23:10 | Well Spring |
| 23:12 | Hunter's Hall |
| 23:14 | Hunter's Hall |
| 23:18 | Moon Well |
| 23:19 | Moon Well |
| 23:53 | Ancient Protector |
| 23:54 | Ancient Protector |
| 23:55 | Ancient Protector |
| 24:38 | Orb of Venom |
| 26:13 | Ancient Protector |
| 26:13 | Ancient Protector |
| 26:14 | Ancient Protector |
| 26:14 | Ancient Protector |
| 26:15 | Ancient Protector |
| 27:00 | Boots of Speed |
| 28:09 | Searing Arrows |
| 28:16 | Ziggurat |
| 28:17 | Ziggurat |
| 28:17 | Ziggurat |
| 28:18 | Ziggurat |
| 28:40 | Frost Armor |
| 29:06 | Tree of Life |
| 29:28 | Spirit Tower |
| 31:43 | Wisp |
| 31:43 | Wisp |
| 31:43 | Wisp |
| 31:44 | Wisp |
| 31:44 | Wisp |
| 31:54 | Ziggurat |
| 31:54 | Ziggurat |
| 31:55 | Ziggurat |
| 31:55 | Ziggurat |
| 32:10 | Archer |
| 32:11 | Archer |
| 32:11 | Archer |
| 32:11 | Archer |
| 32:11 | Archer |
| 32:33 | Frost Arrows |
| 32:51 | Spirit Tower |
| 33:00 | Tree of Life |
| 33:26 | Boots of Speed |
| 33:27 | Potion of Lesser Invulnerability |
| 33:27 | Scroll of Healing |
| 33:48 | Ancient Protector |
| 33:48 | Ancient Protector |
| 33:49 | Ancient Protector |
| 33:49 | Ancient Protector |
| 33:50 | Ancient Protector |
| 35:02 | Potion of Lesser Invulnerability |
| 35:03 | Scroll of Healing |
| 35:14 | Necropolis |
| 35:27 | Wisp |
| 35:27 | Wisp |
| 35:27 | Wisp |
| 35:28 | Wisp |
| 36:08 | Potion of Lesser Invulnerability |
| 36:41 | Tree of Life |
| 37:03 | Ancient Protector |
| 37:03 | Ancient Protector |
| 37:07 | Ancient Protector |
| 37:24 | Ancient Protector |
| 37:25 | Ancient Protector |
| 40:06 | Wisp |
| 40:07 | Wisp |
| 40:07 | Wisp |
| 40:07 | Wisp |
| 40:07 | Wisp |
| 41:36 | Ziggurat |
| 41:37 | Ziggurat |
| 41:37 | Ziggurat |
| 41:38 | Ziggurat |
| 41:39 | Ziggurat |
| 41:42 | Altar of Darkness |
| 41:56 | Tree of Life |
| 42:12 | Tree of Life |
| 42:17 | Ancient Protector |
| 42:17 | Ancient Protector |
| 42:20 | Ancient Protector |
| 42:31 | Ziggurat |
| 42:31 | Ziggurat |
| 42:32 | Ziggurat |
| 42:48 | Spirit Tower |
| 42:55 | Ancient Protector |
| 42:56 | Ancient Protector |
| 47:30 | Wisp |
| 47:30 | Wisp |
| 47:30 | Wisp |
| 47:30 | Wisp |
| 47:30 | Wisp |
| 49:16 | Ancient Protector |
| 49:17 | Ancient Protector |
| 49:18 | Ancient Protector |
| 49:18 | Ancient Protector |
| 49:20 | Wisp |
| 49:20 | Wisp |
| 49:21 | Wisp |
| 49:22 | Wisp |
| 49:26 | Potion of Lesser Invulnerability |
| 49:34 | Scroll of Healing |
| 50:10 | Potion of Lesser Invulnerability |
| Misc. action | 1065 |
| Select group | 904 |
| Select | 573 |
| Right click | 330 |
| Build/train/purchase | 205 |
| Use ability | 133 |
| Assign group | 34 |
| Resource trade | 13 |
| Item give/drop | 8 |
| Chat | 8 |
| Remove unit | 5 |